 Dungeon Crawl Stone Soup version 0.18-a0-1396-g8753ca6 (webtiles) character file.

7871 4thArraOfDagon the Carver (level 10, 0/88 HPs)
             Began as a Demigod Fighter on Feb 23, 2016.
             Slain by a yak (11 damage)
             ... on level 11 of the Dungeon.
             The game lasted 00:33:52 (7202 turns).

4thArraOfDagon the Carver (Demigod Fighter)         Turns: 7202, Time: 00:33:52

Health: 0/88       AC:  8    Str: 21    XL:     10   Next: 72%
Magic:  18/18      EV: 18    Int: 14    God:
Gold:   137        SH:  0    Dex: 22    Spells: 0 memorised, 15 levels left

rFire  + . .     SeeInvis .     Y - +0 great sword
rCold  . . .     Gourm    .     w - +3 leather armour of Quantum Leap {rF+ rN+ Slay+5}
rNeg   + . .     Faith    .     (shield currently unavailable)
rPois  .         Spirit   .     (no helmet)
rElec  .         Dismiss  .     T - +0 cloak
rCorr  .         Reflect  .     q - +0 pair of gloves
SustAt +         Harm     .     (no boots)
MR     +++..                    (no amulet)
Stlth  ++........               C - ring of protection from magic
                                K - +5 ring of dexterity

@: lethally poisoned (0 -> -12), extremely resistant to hostile enchantments,
unstealthy
A: talons 1, high mp 1, magic resistance 1, wild magic 1, sustain attributes
a: no special abilities


You were on level 11 of the Dungeon.
You were not hungry.

You visited 2 branches of the dungeon, and saw 12 of its levels.
You also visited: Bailey.

You collected 513 gold pieces.
You spent 376 gold pieces at shops.

Inventory:

Hand Weapons
 a - a +0 long sword
 Y - a +0 great sword (weapon)
Armour
 c - a +0 shield
 q - a +0 pair of gloves (worn)
 w - the +3 leather armour of Quantum Leap (worn) {rF+ rN+ Slay+5}
   (You found it on level 6 of the Dungeon)

   It affects your accuracy and damage with ranged weapons and melee attacks
   (+5).
   It protects you from fire.
   It protects you from negative energy.
 T - a +0 cloak (worn)
 W - the +5 chain mail "Siuleng" {rC+ rN+}
   (You found it on level 10 of the Dungeon)

   It protects you from cold.
   It protects you from negative energy.
Magical Staves
 L - an uncursed staff of cold
Jewellery
 d - an uncursed ring of fire
 o - an uncursed ring of see invisible
 C - a ring of protection from magic (right hand)
 I - an uncursed ring of ice
 K - a +5 ring of dexterity (left hand)
Wands
 b - a wand of hasting (2/9)
 h - a wand of iceblast (0/15)
 t - a wand of flame (13/48)
 x - a wand of slowing (0/48)
 y - a wand of slowing (5/48)
 A - a wand of random effects (0/48)
 J - a wand of flame (28/48)
 R - a wand of iceblast (5/15)
 U - a wand of digging (7/24)
Scrolls
 k - 6 scrolls of recharging
 p - a scroll of brand weapon
 v - a scroll of immolation
 B - 2 scrolls of random uselessness {unknown}
 D - a scroll of blinking
 H - 3 scrolls of remove curse
 N - a scroll of magic mapping
 O - a scroll of amnesia {unknown}
 P - a scroll of fear
 Q - 2 scrolls of teleportation
 S - 2 scrolls of enchant armour
 V - a scroll of holy word {unknown}
Potions
 e - a potion of cure mutation
 i - 2 potions of brilliance
 j - 6 potions of curing
 l - a potion of magic
 m - a potion of degeneration
 n - 2 potions of cancellation
 r - 3 potions of flight
 z - 3 potions of heal wounds
 X - a potion of agility
Books
 E - a book of Transfigurations

   Spells                             Type                      Level
   a - Irradiate                      Conjuration/Transmutation    5
   b - Statue Form                    Transmutation/Earth          6
   c - Hydra Form                     Transmutation                6
   d - Dragon Form                    Transmutation                7
 M - a book of Callings

   Spells                             Type                      Level
   a - Summon Small Mammal            Summoning                    1
   b - Call Imp                       Summoning                    2
   c - Call Canine Familiar           Summoning                    3
   d - Summon Guardian Golem          Hexes/Summoning              3
   e - Summon Lightning Spire         Summoning/Air                4
   f - Summon Ice Beast               Ice/Summoning                4
Comestibles
 f - 10 bread rations
 g - 2 slices of pizza
 s - 3 beef jerkies
 u - 2 meat rations
 F - 15 fruits
 G - a royal jelly
 Z - 2 chunks of flesh


   Skills:
 + Level 7.8 Fighting
 * Level 10.6 Long Blades
 - Level 4.2 Armour
 + Level 6.7 Dodging
 - Level 2.6 Shields
 - Level 3.1 Spellcasting
 + Level 2.8 Evocations


You had 15 spell levels left.
You didn't know any spells.

Dungeon Overview and Level Annotations

Branches:
Dungeon (11/15)            Temple (1/1) D:5            Lair (0/8) D:11
    Orc: D:9-12

Shops:
D:9 ?

Annotations:
D:4 Eustachio
D:5 Yanek's ghost, amateur MiBe
D:6 Edmund
D:7 exclusion: downstairs
D:8 Gastronok; Grum; yogakurto's ghost, novice MiWn


Innate Abilities, Weirdness & Mutations

You have an increased reservoir of magic (+10% MP).
Your attributes are resistant to harm.
You have sharp toenails.
You are resistant to hostile enchantments.
Your spells are a little harder to cast, but a little more powerful.


Message History

The yak gores you!
You slash the yak! You claw the yak.
The yak is severely wounded.
The kobold completely misses you. The kobold hits you but does no damage.
You are poisoned.
The big kobold hits you.
* * * LOW HITPOINT WARNING * * *
The yak gores you!
* * * LOW HITPOINT WARNING * * *
The kobold completely misses you.
Unknown command.
You hit the yak. You claw the yak.
The yak is almost dead.
You hear the brisk ticking of a very distant clock.
You feel sick. The kobold hits you but does no damage.
You are lethally poisoned!
The big kobold hits you but does no damage.
The yak barely misses you. The kobold barely misses you.
The big kobold barely misses you. The kobold misses you. The yak gores you!
You die...

*,,,,,,,,,,,,,,*,,,,,,<,,
**#...,,,,,,,,,*,,,,,,,,,
#...,,,,8,,,,*,,,,,,,,,
#....,,,,,,,,*,,,,,,,,,
*#...***###,,*,**,**,,,
##...###..##***********
#..........# #.....KK...#
#.....@YK..# ##...##K..##
*#..,**#### #..,,,*
#.,,,,* #,,,,,* *******


You could see a yak, a big kobold and 3 kobolds.

Vanquished Creatures
  An unseen horror (D:9)
  An orc knight (D:9)
  Pikel (D:5)
  A centaur zombie (D:9)
  A kobold demonologist (Bailey)
  A two-headed ogre (D:9)
  Grinder (D:3)
  8 yaks
  A wolf (D:8)
  Menkaure (D:7)
  3 orc warriors
  A phantom (D:6)
  A sky beast (D:7)
  A black bear (D:6)
  A wasp (D:8)
  3 ogres
  2 centaurs
  3 giant frogs
  A water moccasin zombie (D:10)
  16 howler monkeys
  3 scorpions
  3 wights (D:10)
  15 killer bees
  2 crimson imps
  3 hounds
  2 orc priests
  5 orc wizards
  A centaur skeleton (D:4)
  Jessica (D:3)
  Ijyb (D:3)
  3 iguanas
  5 worker ants
  A hound zombie (D:10)
  2 hound skeletons
  2 worker ant zombies
  12 gnolls
  7 adders
  4 shadow imps
  An ooze (D:4)
  A worm (D:2)
  4 giant geckos
  33 orcs
  3 bats
  9 giant cockroaches
  9 goblins
  13 hobgoblins
  9 jackals
  7 quokkas
  2 ball pythons
  A giant gecko skeleton (D:6)
  A giant gecko zombie (D:6)
  4 giant newts
  13 kobolds
  7 rats
  2 rat zombies (D:2)
240 creatures vanquished.

Notes
Turn   | Place    | Note
--------------------------------------------------------------
     0 | D:1      | 4thArraOfDagon the Demigod Fighter began the quest for the Orb.
     0 | D:1      | Reached XP level 1. HP: 18/18 MP: 3/3
   135 | D:1      | Reached skill level 2 in Long Blades
   135 | D:1      | Reached XP level 2. HP: 25/25 MP: 4/4
   744 | D:2      | Reached XP level 3. HP: 31/31 MP: 5/5
  1080 | D:2      | Found an ancient bone altar of Kikubaaqudgha.
  1177 | D:3      | Found a radiant altar of Vehumet.
  1274 | D:4      | Reached skill level 3 in Long Blades
  1274 | D:4      | Reached XP level 4. HP: 30/38 MP: 6/6
  1313 | D:5      | Entered Level 5 of the Dungeon
  1316 | D:5      | Noticed Eustachio
  1340 | D:5      | Found a shimmering altar of Xom.
  1363 | D:5      | Gained mutation: Your spells are a little harder to cast, but a little more powerful. [potion of mutation]
  1363 | D:5      | Gained mutation: You have sharp toenails. [potion of mutation]
  1363 | D:5      | Gained mutation: You are resistant to hostile enchantments. [potion of mutation]
  1460 | D:6      | Noticed Edmund
  1620 | D:5      | Noticed Yanek's ghost (amateur MiBe)
  1719 | D:4      | Reached XP level 5. HP: 45/45 MP: 7/7
  1870 | D:4      | Reached skill level 1 in Dodging
  1919 | D:3      | Reached skill level 4 in Long Blades
  1928 | D:3      | Noticed Ijyb
  1944 | D:3      | Killed Ijyb
  1982 | D:3      | Found a burning altar of Makhleb.
  1982 | D:3      | Found a basalt altar of Yredelemnul.
  2016 | D:3      | Noticed Grinder
  2357 | D:4      | Reached XP level 6. HP: 42/52 MP: 8/8
  2378 | D:5      | Found a staircase to the Ecumenical Temple.
  2433 | Temple   | Entered the Ecumenical Temple
  2559 | D:5      | Found an oddly glowing altar of Pakellas.
  2559 | D:5      | Noticed a hungry ghost
  2717 | D:6      | Got a polished leather armour
  2802 | D:6      | Reached skill level 5 in Long Blades
  3067 | D:7      | Reached XP level 7. HP: 52/59 MP: 9/9
  3081 | D:7      | Identified the +3 leather armour of Quantum Leap {rF+ rN+ Slay+5} (You found it on level 6 of the Dungeon)
  3129 | D:8      | Noticed Gastronok
  3263 | D:6      | Reached skill level 6 in Long Blades
  3287 | D:6      | Got a transparent leather armour
  3500 | D:5      | Identified the +3 leather armour of the Salamander {rN+} (You found it on level 6 of the Dungeon)
  3503 | D:5      | Noticed Pikel
  3503 | D:5      | Found a shadowy altar of Dithmenos.
  3525 | D:5      | Killed Pikel
  3525 | D:5      | Reached skill level 5 in Fighting
  3525 | D:5      | Reached skill level 7 in Long Blades
  3525 | D:5      | Reached XP level 8. HP: 59/68 MP: 10/10
  4237 | D:3      | Killed Grinder
  4334 | D:3      | Noticed Jessica
  4338 | D:3      | Killed Jessica
  4698 | D:7      | Reached skill level 8 in Long Blades
  4700 | D:7      | Noticed Menkaure
  4715 | D:7      | Killed Menkaure
  4777 | D:7      | Reached XP level 9. HP: 56/75 MP: 11/11
  5089 | D:8      | Reached skill level 5 in Dodging
  5162 | D:8      | Noticed Grum
  5252 | D:9      | Killed an unseen horror
  5252 | D:9      | Reached skill level 1 in Spellcasting
  5287 | D:9      | Reached skill level 9 in Long Blades
  5375 | D:9      | Reached XP level 10. HP: 41/86 MP: 17/17
  5436 | D:9      | Found a flagged portal.
  5463 | Bailey   | Entered a bailey
  5630 | Bailey   | Reached skill level 1 in Evocations
  5639 | Bailey   | Noticed an orc knight
  5698 | D:9      | Killed an orc knight
  5858 | D:9      | Reached skill level 10 in Long Blades
  5890 | D:9      | Found Acwoyre's Magic Scroll Shop.
  5900 | D:9      | Bought a scroll of brand weapon for 320 gold pieces
  5921 | D:9      | Bought a scroll of magic mapping for 56 gold pieces
  5955 | D:8      | Noticed yogakurto's ghost (novice MiWn)
  5995 | D:9      | Found a glowing silver altar of Zin.
  6179 | D:9      | Found a shadowy altar of Dithmenos.
  6479 | D:10     | Entered Level 10 of the Dungeon
  6649 | D:10     | Got an obsidian-encrusted chain mail
  6650 | D:10     | Identified the +5 chain mail "Siuleng" {rC+ rN+} (You found it on level 10 of the Dungeon)
  7202 | D:11     | Slain by a yak

Vault maps used:
D:1:      minmay_arrival_loop, due_unseen_surprise
D:2:      lemuel_zombie_altar_kikubaaqudgha, first_bread
D:3:      gammafunk_temple_overflow_elements, vehumet_altar_wand_db,
          uniq_grinder, uniq_jessica, uniq_iyjb
D:5:      overflow_temple_1_default, gammafunk_pakellas_cloud_experiment,
          xom_teletrap_fun, minmay_temple_entry_overgrown, uniq_pikel,
          uniq_eustachio
D:6:      glass_columns_b, uniq_edmund
D:7:      uniq_menkaure
D:8:      due_megacathedral, serial_curves, eino_curves_04, eino_curves_02,
          grunt_ogre_cave, uniq_psyche, uniq_gastronok, uniq_grum
D:9:      old_standard_altar, enter_bailey_2, serial_shops,
          nicolae_shop_window_shopping, dk_vineyard_2,
          nicolae_dithmenos_shadow_blocks
D:11:     grunt_lair_entry_orc_guard_hut, lab_entry_generic,
          statue_in_the_mist_lemuel
Temple:   oiseaux_autumnal_temple_12
Bailey:   bailey_axe_of_yendor_kennysheep, bailey

Skill      XL: |  1  2  3  4  5  6  7  8  9 10 |
---------------+-------------------------------+-----
Long Blades    | 2 3 4 5 7 8 9 10 | 10.6
Armour         | 3 4 |  4.2
Fighting       | 3 4 5 7 |  7.8
Dodging        | 1 2 3 4 6 |  6.7
Spellcasting   | 2 3 |  3.1
Evocations     | 2 |  2.8
Shields        | |  2.6

Action                   |  1- 3 |  4- 6 |  7- 9 | 10-12 || total
-------------------------+-------+-------+-------+-------++-------
Melee: Long sword        |   115 |   224 |   236 |   212 ||   787
       Great sword       |       |       |       |    36 ||    36
Throw: Throwing net      |       |       |     1 |     1 ||     2
Evoke: Wand              |     4 |     6 |    35 |     5 ||    50
  Use: Potion            |     2 |     9 |     3 |     1 ||    15
       Scroll            |       |     8 |     8 |     5 ||    21
 Stab: Sleeping          |       |       |     3 |       ||     3
       Held in net/web   |       |       |       |     2 ||     2
  Eat: Chunk             |     1 |     3 |     9 |     7 ||    20
       Meat ration       |       |     1 |       |       ||     1
